 Dungeon Crawl Stone Soup version 0.31.0-32-g396128a36d (webtiles) character file.

Game seed: 2229901709286756481

154 PaiMei the Grave Robber (level 5, -2/35 HPs)
             Began as a Demonspawn Necromancer on Apr 2, 2024.
             Slain by a hobgoblin (3 damage)
             ... on level 4 of the Dungeon.
             The game lasted 00:04:01 (3543 turns).

PaiMei the Grave Robber (Demonspawn Necromancer)    Turns: 3543, Time: 00:04:02

Health: -2/35      AC:  3    Str:  8    XL:     5   Next: 13%
Magic:  8/9        EV: 12    Int: 17    God:
Gold:   107        SH:  4    Dex: 14    Spells: 2/10 levels left

rFire   . . .        e - +0 short sword
rCold   . . .        (no shield)
rNeg    . . .        a - +0 robe
rPois   .            (no helmet)
rElec   .            (no cloak)
rCorr   .            (no gloves)
SInv    .            k - +0 pair of boots
Will    .....        (no amulet)
Stlth   ++           (no ring)
HPRegen 0.25/turn    (no ring)
MPRegen 0.11/turn

%: no passive effects
@: no status effects
A: claws 2, spiny 1, condensation shield
a: no special abilities


You were on level 4 of the Dungeon.
You visited 1 branch of the dungeon, and saw 4 of its levels.

You collected 146 gold pieces.
You spent 39 gold pieces at shops.

Inventory:

Hand Weapons
 e - a +0 short sword (weapon)
Missiles
 j - 4 poisoned darts
 x - 4 darts of dispersal (quivered)
Armour
 a - a +0 robe (worn)
 k - a +0 pair of boots (worn)
 u - the +10 plate armour "Vetz" {Dex+4}
   (You found it on level 3 of the Dungeon)

   Dex+4:     It affects your dexterity (+4).
Scrolls
 d - a scroll of revelation {unknown}
 f - 3 scrolls of teleportation {unknown}
 l - a scroll of blinking {unknown}
 m - 3 scrolls of identify {unknown}
 n - a scroll of amnesia {unknown}
 p - a scroll of enchant armour {unknown}
 s - a scroll of silence {unknown}
 t - a scroll of fear {unknown}
 y - a scroll of brand weapon {unknown}
Potions
 b - a potion of magic
 c - 2 potions of ambrosia {unknown}
 g - 2 potions of curing
 h - 2 potions of mutation {unknown}
 i - 2 potions of heal wounds {unknown}
 o - a potion of attraction {unknown}
 q - a potion of cancellation {unknown}
 r - a potion of lignification {unknown}
 v - 2 potions of enlightenment {unknown}
 w - a potion of berserk rage {unknown}


   Skills:
 + Level 2.8 Dodging
 + Level 3.0 Stealth
 + Level 3.0 Spellcasting
 + Level 5.1 Necromancy


You had 2 spell levels left.
You knew the following spells:

 Your Spells              Type           Power      Damage    Failure   Level
a - Necrotise             Necr           80%        1d8       1%          1
b - Vampiric Draining     Necr           20%        2d7       6%          3
c - Animate Dead          Necr           20%        N/A       21%         4

Your spell library contained the following spells:

 Spells                   Type           Power      Damage    Failure   Level
 Sublimation of Blood     Necr           20%        N/A       3%          2
 Jinxbite                 Hex            4%         N/A       26%         2
 Curse of Agony           Necr           20%        N/A       50%         5
 Petrify                  Alch/Erth      2%         N/A       86%         4
 Irradiate                Conj/Alch      1%         3d12      99%         5
 Yara's Violent Unravell  Hex/Alch       1%         3d3       99%         5
 Enfeeble                 Hex            1%         N/A       100%        7
 Haunt                    Necr/Summ      5%         N/A       100%        7
 Infestation              Necr           10%        N/A       100%        8


Dungeon Overview and Level Annotations

Branches:
Dungeon (4/15)
 Temple: D:4-7

Altars:

Shops:
D:1 !


Innate Abilities, Weirdness & Mutations

You have very sharp fingernails.
You are partially covered in sharp spines.
A meltable shield of frost defends you. (SH +4)


Message History

You can't see any susceptible monsters within range! (Use Z to cast anyway.)
You feel sick.
You feel sick.
You feel sick.
You feel sick.
You are no longer poisoned.
Your adder skeleton crumbles into dust!
y - a scroll labelled IHA ZANGU XORU A white imp comes into view.
A white imp is nearby!
A hobgoblin comes into view.
The hobgoblin shouts!
The white imp shouts!
Found a scroll labelled APRUSM FA XEUG.
Found a stone staircase leading down.
The white imp gestures at you. The puff of frost hits you!
You block the white imp's attack.
You closely miss the white imp. The white imp gestures at you.
The puff of frost hits you!
You hit the white imp.
The white imp is lightly wounded.
The white imp gestures at you. The puff of frost hits you!
* * * LOW HITPOINT WARNING * * *
You hit the white imp.
The white imp is moderately wounded.
The white imp closely misses you.
Casting: Necrotise (safe; 1% risk of failure)
Confirm with . or Enter, or press ? or * to list all spells.
Aiming: Necrotise (safe; 1% risk of failure)
Press: ? - help, Shift-Dir - straight line, f - hobgoblin
Aim: a hobgoblin (chance to affect: 89%)
The hobgoblin writhes in agony.
The white imp is struck by your spines. The white imp closely misses you.
The hobgoblin barely misses you. The white imp gestures at you.
The puff of frost hits you!
* * * LOW HITPOINT WARNING * * *
The hobgoblin attacks as it pursues you!
The hobgoblin is struck by your spines. The hobgoblin hits you.
You die...

#.# #.......#
####..## #.#
##....##..###
#....### #.#
#...# #...#
#....... ..# #..>
#...## ########
#..# # #.# #....#
#~~~ ####
..#..###.##.#
##### .#.......#
.##
......<..##..###
#
........g@.....#
#
...$.....##.##...
# .......5.# ..#
..........# ..
............ ..
............. ..
..........#### .
.#...?.####
######


You could see a white imp and a hobgoblin.

Vanquished Creatures
  2 bombardier beetles (D:4)
  An adder (D:4)
  5 dart slugs
  5 ribbon worms
  4 bats (D:1)
  3 endoplasms
  2 giant cockroaches (D:3)
  6 goblins
  3 hobgoblins
  5 jackals
  2 quokkas
  3 ball pythons (D:1)
  3 frilled lizards (D:1)
  6 kobolds (D:1)
  3 rats
53 creatures vanquished.

Vanquished Creatures (collateral kills)
  A ribbon worm (D:4)
  A frilled lizard (D:1)
2 creatures vanquished.

Grand Total: 55 creatures vanquished

Notes
Turn   | Place    | Note
-------+----------+-------------------------------------------
     0 | D:1      | PaiMei the Demonspawn Necromancer began the quest for the
                  | Orb.
     0 | D:1      | Reached XP level 1. HP: 13/13 MP: 3/3
   363 | D:1      | Found Duhasun's Distillery.
   369 | D:1      | Bought a potion of curing for 39 gold pieces
   462 | D:1      | Gained mutation: You are partially covered in sharp spines.
                  | [demonic ancestry]
   462 | D:1      | Reached XP level 2. HP: 19/19 MP: 3/5
  1104 | D:1      | Gained mutation: A meltable shield of frost defends you.
                  | (SH +4) [demonic ancestry]
  1104 | D:1      | Reached XP level 3. HP: 22/24 MP: 1/6
  1162 | D:1      | Found a faded altar of an unknown god.
  2347 | D:3      | Identified the +10 plate armour "Vetz" {Dex+4}
  2570 | D:3      | Gained mutation: You have sharp fingernails. [demonic
                  | ancestry]
  2570 | D:3      | Reached XP level 4. HP: 30/30 MP: 5/7
  2967 | D:3      | Learned a level 3 spell: Vampiric Draining
  2972 | D:3      | Learned a level 4 spell: Animate Dead
  3083 | D:4      | Noticed a scorpion
  3333 | D:4      | Reached skill level 5 in Necromancy
  3447 | D:4      | Gained mutation: You have very sharp fingernails. [demonic
                  | ancestry]
  3447 | D:4      | Reached XP level 5. HP: 35/35 MP: 2/9
  3542 | D:4      | HP: 1/35 [white imp/puff of frost (8)]
  3543 | D:4      | Slain by a hobgoblin

Illustrated notes

Levels and vault maps discovered:
D:1:      roadster_arrival_rocket_large, layout_loops_ring,
          shapermc_ecumenical_altar_mp_highgroup, serial_shops,
          nicolae_shop_pleasant_corner_grove, minmay_misc_feat_cross,
          minmay_vboxes
D:2:      layout_basic, lightli_corner_chamber
D:3:      layout_basic
D:4:      layout_rooms, serial_aquarium, aquarium_bridge_island_small
          [aquarium_subvault_small_open, aquarium_subvault_wall,
          aquarium_subvault_wall, aquarium_subvault_window,
          aquarium_subvault_bridge], aquarium_window_fake, aquarium_window_fake,
          aquarium_window_1, aquarium_view_2b, aquarium_view_2d,
          aquarium_balcony_5a, nicolae_wormholes

Skill      XL: |  1  2  3  4  5 |
---------------+----------------+-----
Stealth        | 2 3 |  3.0
Dodging        | 2 |  2.8
Necromancy     | 5 |  5.1
Spellcasting   | 3 |  3.0

Action                     |  1- 3 |  4- 6 || total
---------------------------+-------+-------++-------
  Melee: Short sword       |    31 |    25 ||    56
   Cast: Necrotise         |    81 |    24 ||   105
         Vampiric Draining |       |     3 ||     3
 Armour: Robe              |    20 |    16 ||    36
  Dodge: Dodged            |    30 |    11 ||    41
  Block: Other             |     3 |     3 ||     6
